 Dungeon Crawl Stone Soup version 0.18.1-48-g4cf74bf (webtiles) character file.

5069 Joat the Grappler (level 10, -6/88 HPs)
             Began as a Ghoul Monk on Aug 15, 2016.
             Was a Believer of Kikubaaqudgha.
             Mangled by a manticore (7 damage)
             ... on level 9 of the Dungeon.
             The game lasted 01:00:18 (9208 turns).

Joat the Grappler (Ghoul Monk)                      Turns: 9208, Time: 01:00:19

Health: -6/88      AC:  7    Str: 21    XL:     10   Next: 56%
Magic:  9/9        EV: 16    Int:  5    God:    Kikubaaqudgha [**....]
Gold:   429        SH:  0    Dex: 16    Spells: 1 memorised, 6 levels left

rFire  + . .     SeeInvis .       - Unarmed
rCold  + + .     Gourm    .     K - +2 robe {rC+ rF+}
rNeg   + + +     Faith    .     (no shield)
rPois  ∞         Spirit   .     E - +0 helmet
rElec  .         Dismiss  .     D - +0 cloak
rCorr  .         Reflect  .     (no gloves)
SustAt .         Harm     .     A - +0 pair of boots (curse)
MR     .....                    (no amulet)
Stlth  ++++......               v - +2 ring of dexterity
                                m - +5 ring of strength

@: manticore barbs, rotting, not resistant to hostile enchantments, stealthy
A: rotting body, claws 1, carnivore 3, cold resistance 1, negative energy
resistance 3, slow regeneration 1, torment resistance, unbreathing
a: Receive Corpses, Renounce Religion


You were on level 9 of the Dungeon.
You worshipped Kikubaaqudgha.
Kikubaaqudgha was pleased with you.
You were not hungry.

You visited 2 branches of the dungeon, and saw 10 of its levels.

You collected 487 gold pieces.
You spent 58 gold pieces at shops.

Inventory:

Missiles
 g - 2 curare-tipped needles
 i - 4 throwing nets (quivered)
Armour
 a - a +0 robe
 A - a cursed +0 pair of boots (worn)
 D - a +0 cloak (worn)
 E - a +0 helmet (worn)
 J - a +0 pair of gloves
 K - a +2 robe of resistance (worn)
 O - a +0 shield
Magical Staves
 x - an uncursed staff of power
Jewellery
 h - an uncursed ring of protection from cold
 j - an uncursed ring of see invisible
 m - a +5 ring of strength (left claw)
 n - an uncursed ring of resist corrosion
 v - a +2 ring of dexterity (right claw)
 B - an uncursed ring of flight
 C - an uncursed ring of wizardry
 I - an uncursed ring of protection from cold
 Q - an uncursed ring of protection from cold
 T - an uncursed ring of fire
Wands
 s - a wand of acid (7/15)
 y - a wand of enslavement (13/24)
 G - a wand of digging (8/24)
 H - a wand of iceblast (9/15)
 U - a wand of iceblast (11/15)
Scrolls
 d - 3 scrolls of teleportation
 r - 3 scrolls of remove curse
 t - 4 scrolls of identify
 N - a scroll of fear {unknown}
Potions
 l - 2 potions of magic
 o - a potion of cancellation
 p - 4 potions of flight
 u - 3 potions of curing
 z - a potion of resistance
 F - a potion of berserk rage
 L - a potion of lignification
Books
 f - an Akashic Record

   Spells                             Type                      Level
   a - Dispersal                      Translocation                6
   b - Malign Gateway                 Summoning/Translocation      7
   c - Disjunction                    Translocation                8
   d - Controlled Blink               Translocation                8
 w - a book of Beasts

   Spells                             Type                      Level
   a - Summon Butterflies             Summoning                    1
   b - Call Canine Familiar           Summoning                    3
   c - Summon Ice Beast               Ice/Summoning                4
   d - Summon Mana Viper              Hexes/Summoning              5
   e - Summon Hydra                   Summoning                    7
 M - Kikubaaqudgha's Compendium of Unholy Arts
   (Kikubaaqudgha gifted it to you on level 7 of the Dungeon)

   Spells                             Type                      Level
   a - Animate Skeleton               Necromancy                   1
   b - Pain                           Necromancy                   1
   c - Corpse Rot                     Necromancy                   2
   d - Vampiric Draining              Necromancy                   3
   e - Control Undead                 Necromancy                   4
 P - a book of Misfortune

   Spells                             Type                      Level
   a - Confusing Touch                Hexes                        2
   b - Confuse                        Hexes                        3
   c - Gell's Gravitas                Hexes/Translocation          3
   d - Petrify                        Transmutation/Earth          4
   e - Metabolic Englaciation         Hexes/Ice                    5
   f - Yara's Violent Unravelling     Hexes/Transmutation          5
Miscellaneous
 e - a plain deck of summoning {drawn: 3}
Comestibles
 b - 6 meat rations
 c - 3 beef jerkies
 k - a slice of pizza


   Skills:
 * Level 8.2 Fighting
 * Level 7.0 Dodging
 + Level 7.3 Stealth
 * Level 11.4 Unarmed Combat
 * Level 2.2 Necromancy


You had 6 spell levels left.
You knew the following spells:

 Your Spells              Type           Power        Failure   Level  Hunger
a - Vampiric Draining     Necr           #.........   73%         3    ####...


Dungeon Overview and Level Annotations

Branches:
Dungeon (9/15)             Temple (1/1) D:4
   Lair: D:8-11         Orc: D:9-12

Altars:
Ashenzari
Cheibriados
Dithmenos
Elyvilon
Fedhas
Gozag
Kikubaaqudgha
Makhleb
Nemelex Xobeh
Okawaru
Pakellas
Qazlal
Ru
Sif Muna
Trog
Vehumet
Xom
Yredelemnul
Zin
The Shining One

Shops:
D:6 *


Innate Abilities, Weirdness & Mutations

Your body is rotting away.
You thrive on raw meat.
You are immune to poison.
You have sharp fingernails.
You are carnivorous and can eat meat at any time.
Your flesh is cold resistant.
You are immune to negative energy.
You regenerate slowly when monsters are visible.
You are immune to unholy pain and torment.
You can survive without breathing.


Message History

The manticore is heavily wounded.
The manticore misses you.
The manticore claws you but does no damage.
The manticore claws you!
* * * LOW HITPOINT WARNING * * *
Drink which item? (? for menu, Esc to quit)
You feel better. The manticore bites you!
* * * LOW HITPOINT WARNING * * *
The manticore claws you.
* * * LOW HITPOINT WARNING * * *
The manticore claws you!
* * * LOW HITPOINT WARNING * * *
You claw the manticore!
The manticore is severely wounded.
The manticore barely misses you. x2; The manticore misses you.
You claw the manticore!
The manticore is almost dead.
The manticore closely misses you. The manticore claws you!
You die...
Kikubaaqudgha rasps: "You have failed me!
Welcome... oblivion!"

#.##...#......# #.#...##...
#.....###.....#####).......##
####.#.#.####..>............#
#.##.## #.####..(...)...#
#.#### #.# #.##...##.># #.#
#.# #. #...##..## #.# #.# #.
##..##.... #.# #.# #.
##.###.## #.# #@# #. #.# #.#
#.# #H# #. #.# #.# #.. ...
#.# #.# ##..# #.# #.# #... ..
..# #.### ## ## #.# #.#


You could see a manticore.

Vanquished Creatures
  Erica (D:8)
  A troll (D:9)
  2 hungry ghosts
  A hippogriff (D:7)
  Menkaure (D:4)
  2 sky beasts
  2 orc warriors (D:8)
  2 phantoms
  2 ice beasts
  4 ogres
  2 centaurs
  A big kobold (D:8)
  6 giant frogs
  A water moccasin skeleton (D:8)
  6 scorpions
  3 howler monkeys (D:8)
  8 crimson imps
  A giant frog zombie (D:7)
  2 hounds
  A jelly (D:5)
  A centaur skeleton (D:8)
  A giant frog skeleton (D:7)
  7 orc priests
  5 orc wizards (D:8)
  An iguana (D:5)
  9 worker ants
  2 hound skeletons (D:7)
  Robin (D:4)
  7 adders
  4 gnolls
  2 shadow imps
  4 oozes
  3 adder skeletons
  2 giant geckos
  23 orcs
  4 ball pythons
  5 giant cockroaches
  20 goblins
  11 hobgoblins
  9 jackals
  6 quokkas
  6 bats
  A giant newt (D:5)
  12 kobolds
  6 rats
201 creatures vanquished.

Vanquished Creatures (collateral kills)
  The ghost of sarahorange the Ducker, an amateur TrFi (D:3)
  Sigmund (D:2)
  3 gnolls (D:3)
  A worm (D:2)
  A kobold (D:3)
  A bat (D:2)
  A giant newt (D:3)
  A rat (D:2)
10 creatures vanquished.

Vanquished Creatures (others)
  5 toadstools (D:1)
5 creatures vanquished.

Grand Total: 216 creatures vanquished

Notes
Turn   | Place    | Note
--------------------------------------------------------------
     0 | D:1      | Joat the Ghoul Monk began the quest for the Orb.
     0 | D:1      | Reached XP level 1. HP: 19/19 MP: 0/0
   171 | D:1      | Found a sparkling altar of Nemelex Xobeh.
   267 | D:1      | Reached XP level 2. HP: 21/26 MP: 1/1
   357 | D:1      | Reached skill level 5 in Unarmed Combat
   833 | D:1      | Reached XP level 3. HP: 28/30 MP: 2/2
  1242 | D:2      | Found a glowing golden altar of the Shining One.
  1688 | D:2      | Noticed Sigmund
  1712 | D:2      | Killed Sigmund
  1712 | D:2      | Reached skill level 6 in Unarmed Combat
  1712 | D:2      | Reached XP level 4. HP: 6/38 MP: 3/3
  1712 | D:2      | Reached XP level 5. HP: 8/45 MP: 4/4
  2093 | D:3      | Noticed sarahorange's ghost (amateur TrFi)
  2110 | D:3      | Killed sarahorange's ghost
  2110 | D:3      | Reached skill level 7 in Unarmed Combat
  2110 | D:3      | Reached XP level 6. HP: 41/51 MP: 5/5
  2121 | D:3      | Reached skill level 8 in Unarmed Combat
  2550 | D:3      | Found a blossoming altar of Fedhas.
  2630 | D:4      | Found a staircase to the Ecumenical Temple.
  2654 | Temple   | Entered the Ecumenical Temple
  3289 | D:4      | Reached XP level 7. HP: 40/58 MP: 6/6
  3308 | D:4      | Noticed Menkaure
  3319 | D:4      | Killed Menkaure
  3600 | D:4      | Found a blossoming altar of Fedhas.
  3606 | D:4      | Found a deep blue altar of Sif Muna.
  3756 | D:4      | Noticed Robin
  3839 | D:4      | Killed Robin
  4016 | D:5      | Entered Level 5 of the Dungeon
  4112 | D:5      | Found a basalt altar of Yredelemnul.
  4359 | D:5      | Reached XP level 8. HP: 47/67 MP: 7/7
  4377 | D:5      | Found a sparkling altar of Nemelex Xobeh.
  4765 | D:5      | Reached skill level 5 in Fighting
  4769 | D:5      | Reached skill level 9 in Unarmed Combat
  4855 | D:5      | Found a white marble altar of Elyvilon.
  4943 | D:5      | Reached skill level 5 in Stealth
  5572 | D:6      | Found Vochos's General Store.
  5581 | D:6      | Bought a +0 cloak for 58 gold pieces
  5594 | D:6      | Found an oddly glowing altar of Pakellas.
  6395 | D:6      | Reached XP level 9. HP: 63/75 MP: 8/8
  6450 | D:7      | Reached skill level 5 in Dodging
  6508 | D:7      | Reached skill level 10 in Unarmed Combat
  6687 | D:7      | Found a burning altar of Makhleb.
  6832 | D:7      | Found an ancient bone altar of Kikubaaqudgha.
  6977 | D:8      | Noticed Erica
  7850 | D:8      | Reached XP level 10. HP: 79/86 MP: 9/9
  7911 | D:8      | Killed Erica
  7911 | D:8      | Reached skill level 11 in Unarmed Combat
  8086 | D:7      | Found a snail-covered altar of Cheibriados.
  8086 | D:7      | Found a shadowy altar of Dithmenos.
  8086 | D:7      | Found a glowing silver altar of Zin.
  8089 | D:7      | Found a stormy altar of Qazlal.
  8091 | D:7      | Became a worshipper of Kikubaaqudgha
  8091 | D:7      | Reached * piety under Kikubaaqudgha
  8091 | D:7      | Received a gift from Kikubaaqudgha
  8091 | D:7      | Reached ** piety under Kikubaaqudgha
  8094 | D:7      | Identified Kikubaaqudgha's Compendium of Unholy Arts (Kikubaaqudgha gifted it to you on level 7 of the Dungeon)
  8296 | D:7      | Reached skill level 1 in Necromancy
  8326 | D:7      | Learned a level 3 spell: Vampiric Draining
  9191 | D:9      | Noticed a manticore
  9206 | D:9      | HP: 1/88 [manticore (10)]
  9208 | D:9      | Mangled by a manticore

Skill      XL: |  1  2  3  4  5  6  7  8  9 10 |
---------------+-------------------------------+-----
Unarmed Combat | 5 6 7 8 9 10 11 | 11.4
Dodging        | 3 4 6 7 |  7.0
Stealth        | 3 4 5 6 7 |  7.3
Fighting       | 4 5 7 8 |  8.2
Necromancy     | 2 |  2.2

Action                   |  1- 3 |  4- 6 |  7- 9 | 10-12 || total
-------------------------+-------+-------+-------+-------++-------
Melee: Unarmed           |   103 |   120 |   396 |   115 ||   734
       Punch             |     2 |     2 |    16 |     7 ||    27
Evoke: Deck              |     1 |     2 |       |       ||     3
  Use: Potion            |     4 |       |     1 |     4 ||     9
       Scroll            |     2 |     3 |     8 |     1 ||    14
 Stab: Sleeping          |     2 |     5 |     9 |     5 ||    21
       Distracted        |       |       |     2 |       ||     2
  Eat: Chunk             |    19 |    32 |    61 |    16 ||   128
Armor: Robe              |    11 |    12 |    68 |    17 ||   108
Dodge: Dodged            |    77 |    61 |   250 |    71 ||   459
